[Event "Team 45 45 League T53"]
[Site "Internet Chess Club"]
[Date "2012.06.26"]
[Round "6"]
[White "John3v16"]
[Black "latayvia"]
[Result "1-0"]
[WhiteElo "1696"]
[BlackElo "1763"]
[Opening "English opening"]
[ECO "A21"]
[Time "15:01:22"]
[TimeControl "2700+45"]

1. c4 e5 2. Nc3 f5 3. g3 Nf6 4. Bg2 Bc5 5. a3 O-O 6. b4 Be7 7. Nd5 Nxd5 8. Bxd5+
Kh8 9. Bb2 c6 10. Bg2 Bf6 11. d4 e4 12. e3 d5 13. cxd5 cxd5 14. Ne2 Be6 15. Nf4
Bf7 16. Rc1 Nd7 17. O-O Nb6 18. a4 Nc4 19. Ba1 Qd7 20. Re1 Bg5 21. Bf1 Bxf4 22.
gxf4 Rac8 23. Kh1 Be8 24. a5 Rf6 25. Be2 Rh6 26. Rg1 Nd6 27. Rg3 Rxc1 28. Qxc1
Nc4 29. Qf1 Rc6 30. b5 Rc8 31. Qh3 Nxa5 32. Bh5 Bxh5 33. Qxh5 Rc1+ 34. Rg1 Rxg1+
35. Kxg1 g6 36. Qg5 Kg7 37. Bc3 Nc4 38. Bb4 Nd6 39. h4 h5 40. b6 axb6 41. Kg2
Nc4 42. Be7 Qe6 43. Bb4 Qf6 44. Qg3 Nb2 45. f3 Nd3 46. Ba3 Qe6 47. Qg5 exf3+ 48.
Kxf3 Qe4+ 49. Ke2 b5 50. Be7 Nxf4+ 51. Qxf4 Qxe7 52. Qg3 b4 53. Kd2 Kf7 54. Kc2
Qe4+ 55. Kb3 Qe7 56. Qf4 Kg7 57. Qg3 Qe4 58. Qc7+ Kh6 59. Qd8 Qxe3+ 60. Ka4 Qa3+
61. Kb5 b3 62. Qh8# {Black checkmated} 1-0

[Event "Team 45 45 League T53"]
[Site "Internet Chess Club"]
[Date "2012.06.21"]
[Round "6"]
[White "mongmong"]
[Black "cys456"]
[Result "1-0"]
[WhiteElo "1732"]
[BlackElo "1736"]
[Opening "Queen's pawn: Yusupov-Rubinstein system"]
[ECO "A46"]
[Time "20:04:20"]
[TimeControl "2700+45"]

1. d4 Nf6 2. Nf3 e6 3. e3 b6 4. Bd3 Bb7 5. Nbd2 d5 6. O-O Nbd7 7. Qe2 Ne4 8. c3
Bd6 9. Re1 O-O 10. Nf1 c5 11. N3d2 Ndf6 12. f3 Nxd2 13. Bxd2 Qc7 14. Rac1 c4 15.
Bb1 Nd7 16. e4 e5 17. dxe5 Bxe5 18. exd5 Bxd5 19. Be3 Rae8 20. Qc2 f5 21. Rcd1
Qc6 22. Rd2 Nc5 23. Qc1 Be6 24. Red1 Qc7 25. Bc2 Rd8 26. Qb1 g6 27. Rxd8 Rxd8
28. Rxd8+ Qxd8 29. Bxc5 bxc5 30. Qd1 Qxd1 31. Bxd1 Kf7 32. Kf2 f4 33. Bc2 Ke7
34. Be4 a5 35. Nd2 Bf7 36. Bc6 Kd6 37. Bb5 Ke7 38. Bxc4 Bxc4 39. Nxc4 Bc7 40.
Ke2 Ke6 41. Kd3 Kd5 42. Nd2 g5 43. a4 h6 44. b3 Bd8 45. Ne4 Be7 46. Nd2 Bd8 47.
Nb1 h5 48. Na3 g4 49. h3 g3 50. Nb5 Bb6 51. c4+ Ke5 52. Nc3 Bd8 53. Ne4 Be7 54.
Nc3 Bf6 55. Nd5 Bd8 56. Kc3 Bg5 57. Nb6 Bd8 58. Nd5 Bg5 59. Kd2 Kd4 60. Nc7 Ke5
61. Kd3 Bd8 62. Nd5 Bg5 63. Nb6 Bd8 64. Nc8 Bf6 65. Na7 h4 66. Nc6+ Kd6 67. Nxa5
Kc7 68. Ke4 Kb6 69. b4 cxb4 70. Nb3 Bg5 71. Kf5 Bh6 72. Kg4 Kc6 73. Kxh4 Kd6 74.
Kh5 Bg7 75. Kg5 Ke5 76. h4 Bf6+ 77. Kg4 Be7 78. h5 Bf6 79. h6 Bh8 80. Kg5 Bf6+
81. Kg6 Ke6 82. h7 Bh8 83. a5 {Black resigns} 1-0

[Event "Team 45 45 League T53"]
[Site "Internet Chess Club"]
[Date "2012.06.25"]
[Round "6"]
[White "minke"]
[Black "bobhill"]
[Result "1-0"]
[WhiteElo "1894"]
[BlackElo "1889"]
[Opening "Sicilian: dragon, Yugoslav attack, 10.O-O-O"]
[ECO "B78"]
[Time "15:00:46"]
[TimeControl "2700+45"]

1. e4 c5 2. Nf3 d6 3. d4 cxd4 4. Nxd4 Nf6 5. Nc3 g6 6. Be3 Bg7 7. f3 Nc6 8. Qd2
O-O 9. Bc4 Bd7 10. O-O-O Ne5 11. Bb3 Qa5 12. h4 Rfc8 13. g4 Nc4 14. Bxc4 Rxc4
15. Nb3 Qc7 16. h5 b5 17. hxg6 fxg6 18. Nd5 Nxd5 19. Qxd5+ e6 20. Qxa8+ Bc8 21.
Rd2 Qf7 22. Nc5 dxc5 23. Qxc8+ Bf8 24. Rhd1 Ra4 25. Bh6 Rxa2 26. Kb1 e5 27. Rd8
{Black resigns} 1-0

[Event "Team 45 45 League T53"]
[Site "Internet Chess Club"]
[Date "2012.06.23"]
[Round "6"]
[White "Babbs58"]
[Black "Tamarin"]
[Result "0-1"]
[WhiteElo "1471"]
[BlackElo "1891"]
[Opening "Caro-Kann: advance variation"]
[ECO "B12"]
[Time "22:00:40"]
[TimeControl "2700+45"]

1. e4 c6 2. d4 d5 3. e5 Bf5 4. f4 e6 5. Nf3 c5 6. Bb5+ Nc6 7. Bxc6+ bxc6 8. Be3
Qb6 9. b3 Qa5+ 10. c3 Bxb1 11. Rxb1 Qxc3+ 12. Qd2 Qxd2+ 13. Nxd2 cxd4 14. Bxd4
c5 15. Bf2 Rc8 16. O-O Nh6 17. h3 Be7 18. Rfc1 Kd7 19. Rb2 Rc7 20. Rbc2 Rhc8 21.
Rd1 Ke8 22. Nf3 f6 23. exf6 gxf6 24. Re1 Kd7 25. Rce2 Rc6 26. Nd2 Nf7 27. Rd1
Nd6 28. Rde1 Nb5 29. Nf3 Nc3 30. Rd2 Ke8 31. Rc2 Ne4 32. g4 Kf7 33. Bh4 h6 34.
Rec1 c4 35. bxc4 Rxc4 36. Rxc4 Rxc4 37. Rxc4 dxc4 38. Nd4 Bc5 39. Bf2 Nxf2 40.
Kxf2 Bxd4+ 41. Ke2 e5 42. fxe5 fxe5 43. h4 e4 44. a3 Ke6 45. a4 a5 46. Kd2 Ke5
47. Ke2 c3 48. Ke1 e3 49. Ke2 c2 {White resigns} 0-1

[Event "Team 45 45 League T53"]
[Site "Internet Chess Club"]
[Date "2012.06.24"]
[Round "6"]
[White "az2112"]
[Black "KoalieAwe"]
[Result "0-1"]
[WhiteElo "1708"]
[BlackElo "1769"]
[Opening "Sicilian: Canal-Sokolsky attack, 3...Bd7"]
[ECO "B52"]
[Time "12:05:26"]
[TimeControl "2700+45"]

1. e4 c5 2. Nf3 d6 3. Bb5+ Bd7 4. Bxd7+ Qxd7 5. O-O Nc6 6. d3 e6 7. Re1 Nf6 8.
Nbd2 Be7 9. a4 O-O 10. c3 e5 11. Nc4 Qc7 12. Bg5 h6 13. Bh4 Na5 14. Ne3 Nc6 15.
Bxf6 Bxf6 16. Nd5 Qd8 17. Nd2 Na5 18. Nf1 Rc8 19. Nfe3 Nc6 20. Qf3 Bg5 21. Rad1
Bxe3 22. fxe3 Ne7 23. Rf1 Nxd5 24. exd5 Qb6 25. Rf2 Rc7 26. Rdf1 Qa6 27. Qe4 c4
28. d4 exd4 29. cxd4 Qxa4 30. Qf4 Qd7 31. Qg3 Kh8 32. Rf4 c3 33. bxc3 Rxc3 34.
Rh4 Qe7 {White resigns} 0-1

[Event "Team 45 45 League T53"]
[Site "Internet Chess Club"]
[Date "2012.06.24"]
[Round "6"]
[White "ice-cream"]
[Black "Schack"]
[Result "1/2-1/2"]
[WhiteElo "1659"]
[BlackElo "1693"]
[Opening "Ruy Lopez: 5.O-O"]
[ECO "C78"]
[Time "13:01:19"]
[TimeControl "2700+45"]

1. e4 e5 2. Nf3 Nc6 3. Bb5 a6 4. Ba4 Nf6 5. O-O b5 6. Bb3 Bc5 7. Re1 d6 8. h3
Na5 9. d3 Nxb3 10. axb3 h6 11. Be3 Bxe3 12. fxe3 c5 13. Nc3 Be6 14. d4 exd4 15.
exd4 O-O 16. d5 Bd7 17. e5 dxe5 18. Nxe5 b4 19. Ne4 Nxe4 20. Rxe4 Bb5 21. c4
bxc3 22. bxc3 Qd6 23. c4 Bd7 24. Qe2 Rfb8 25. Qf3 Be8 26. Rf1 Ra7 27. Re3 Re7
28. Rfe1 f6 29. Ng4 Rxe3 30. Nxe3 Bd7 31. Nf1 Kf7 32. Nd2 Re8 33. Rxe8 Bxe8 34.
Ne4 Qe5 35. Nxc5 Qd4+ 36. Qf2 Qa1+ 37. Kh2 a5 38. Qe2 Qe5+ 39. Qxe5 fxe5 40. Nb7
a4 41. Nd6+ Ke7 42. Nc8+ Kd8 43. bxa4 Kxc8 44. a5 Kb7 45. Kg3 Ka6 46. Kf3 Kxa5
47. Ke4 Kb4 48. Kxe5 Kc5 49. Ke6 Kxc4 50. d6 Kd4 51. Ke7 Bc6 52. Kf7 Ke5 53.
Kxg7 Kxd6 54. g4 Ke5 55. Kxh6 Kf4 56. Kh5 Be8+ 57. Kh4 {Game drawn by mutual
agreement} 1/2-1/2

[Event "Team 45 45 League T53"]
[Site "Internet Chess Club"]
[Date "2012.06.25"]
[Round "6"]
[White "Lee-D"]
[Black "oldsj"]
[Result "0-1"]
[WhiteElo "1456"]
[BlackElo "1666"]
[Opening "King's Indian: London system"]
[ECO "A45"]
[Time "16:00:32"]
[TimeControl "2700+45"]

1. d4 Nf6 2. Bf4 g6 3. Nf3 Bg7 4. e3 d6 5. Be2 O-O 6. O-O c5 7. c3 Be6 8. Nbd2
Nd5 9. Bg3 cxd4 10. cxd4 Bc8 11. a3 Nd7 12. Rc1 N7f6 13. h3 Be6 14. Ng5 Bd7 15.
e4 Nb6 16. e5 dxe5 17. dxe5 Nfd5 18. Nc4 Bh6 19. f4 Bxg5 20. fxg5 Nxc4 21. Bxc4
Ne3 22. Qf3 Nxf1 23. Rxf1 e6 24. Qf6 Qxf6 25. gxf6 Rac8 26. b3 b5 27. Be2 Rc3
28. Bf2 Rxb3 29. Bxa7 Rc8 30. Bf3 Rxa3 31. Bb6 Rac3 32. Ba5 Rc1 33. Bb7 Rxf1+
34. Kxf1 Rc1+ 35. Kf2 Bc6 36. Bxc6 Rxc6 37. g4 Kf8 38. Bb4+ Ke8 39. h4 Rc4 40.
Bd6 Rxg4 41. Kf3 Rxh4 42. Kg3 Rc4 43. Kf3 Kd7 44. Ke3 Kc6 45. Bf8 Kd5 46. Bd6 b4
47. Kd2 b3 {White resigns} 0-1

[Event "Team 45 45 League T53"]
[Site "Internet Chess Club"]
[Date "2012.06.26"]
[Round "6"]
[White "eagle"]
[Black "milesotoole"]
[Result "1-0"]
[WhiteElo "1555"]
[BlackElo "1558"]
[Opening "Dutch: Leningrad, main variation"]
[ECO "A87"]
[Time "21:33:35"]
[TimeControl "2700+45"]

1. d4 f5 2. c4 Nf6 3. g3 g6 4. Bg2 Bg7 5. Nf3 O-O 6. O-O d6 7. Nc3 Qe8 8. d5 a5
9. Nd4 Na6 10. e4 fxe4 11. Nxe4 Nxe4 12. Bxe4 Bh3 13. Re1 Nc5 14. Bf3 Bxd4 15.
Qxd4 Rxf3 16. Qh4 Bd7 17. Rxe7 Qf8 18. Qxh7# {Black checkmated} 1-0

[Event "Team 45 45 League T53"]
[Site "Internet Chess Club"]
[Date "2012.06.25"]
[Round "6"]
[White "burnsy"]
[Black "stanbeers"]
[Result "1-0"]
[WhiteElo "1597"]
[BlackElo "1415"]
[Opening "King's pawn opening"]
[ECO "B07"]
[Time "20:05:51"]
[TimeControl "2700+45"]

1. e4 d6 2. Nf3 Nd7 3. Bc4 h6 4. Nd4 e5 5. Qf3 Ndf6 6. Nf5 Ne7 7. Qb3 d5 8. Bb5+
c6 9. Nxe7 Bxe7 10. Be2 Nxe4 11. d3 Nc5 12. Qc3 Qc7 13. O-O Ne6 14. Bg4 d4 15.
Qe1 Bg5 16. Nd2 O-O 17. Nc4 Bxc1 18. Rxc1 f6 19. Qb4 c5 20. Qb3 Kh8 21. Nd2 f5
22. Bf3 Rb8 23. Rfe1 Ng5 24. Bh5 b5 25. Qd5 Bb7 26. Qxe5 Qc6 27. f3 Qb6 28. h4
Nh7 29. Qe7 Nf6 30. Re6 Qa5 31. Nb3 Qxa2 32. Nxc5 Qxb2 33. Rce1 Bd5 34. Rxf6
Rxf6 35. Nd7 Rfb6 36. Nxb6 axb6 37. Qd6 Rc8 38. Qxd5 Qc3 39. Re7 Qxc2 40. Qe5
Qb1+ 41. Kh2 Rg8 42. Bf7 Rf8 43. Ba2 {Black forfeits on time} 1-0

[Event "Team 45 45 League T53"]
[Site "Internet Chess Club"]
[Date "2012.06.25"]
[Round "6"]
[White "wekabird"]
[Black "Iowa-Archer"]
[Result "0-1"]
[WhiteElo "1166"]
[BlackElo "1423"]
[Opening "English: Anglo-Dutch defense"]
[ECO "A10"]
[Time "20:00:18"]
[TimeControl "2700+45"]

1. c4 f5 2. d3 Nf6 3. Nc3 e5 4. Bg5 g6 5. Nd5 Bg7 6. Nf3 d6 7. Rb1 O-O 8. g3 c6
9. Nxf6+ Bxf6 10. Bxf6 Rxf6 11. Bg2 Nd7 12. O-O d5 13. cxd5 cxd5 14. Rc1 d4 15.
Nh4 Rb8 16. Nf3 b6 17. Ng5 Nc5 18. b4 Ne6 19. Qb3 Kh8 20. Nxe6 Bxe6 21. Qb2 Bd5
22. Bxd5 Qxd5 23. Qc2 e4 24. Qc7 Rff8 25. dxe4 Qxe4 26. Qc2 Rfc8 27. Qxe4 fxe4
28. Rxc8+ Rxc8 29. Rd1 Rd8 30. a3 Kg7 31. Kg2 Kf6 32. f3 e3 33. h4 Ke5 34. f4+
Ke4 35. Kf1 Rc8 36. Rb1 Rc3 37. a4 d3 38. exd3+ Rxd3 39. Ke1 Kf3 40. Rb2 Kxg3
41. Ke2 Rd2+ 42. Rxd2 exd2 43. Kxd2 Kxf4 44. Ke2 Kg4 45. Ke3 Kxh4 46. a5 b5 47.
Kf3 g5 48. Kg2 Kg4 49. Kh2 h5 50. Kg2 Kf4 51. Kh3 Ke4 52. Kg3 Kd4 53. Kf3 Kc4
54. Ke4 Kxb4 55. a6 h4 56. Kf3 Kc3 57. Kg4 b4 58. Kxg5 b3 59. Kxh4 b2 60. Kg5
b1=Q 61. Kf6 Qa1 {White resigns} 0-1

[Event "Team 45 45 League T53"]
[Site "Internet Chess Club"]
[Date "2012.06.24"]
[Round "6"]
[White "DouDou"]
[Black "bmw2002"]
[Result "1-0"]
[WhiteElo "1436"]
[BlackElo "1552"]
[Opening "Caro-Kann defense"]
[ECO "B10"]
[Time "21:57:05"]
[TimeControl "2700+45"]

1. e4 c6 2. Nf3 d5 3. exd5 cxd5 4. d4 Nc6 5. Bb5 a6 6. Ba4 b5 7. Bb3 Nf6 8. O-O
e6 9. Bg5 Be7 10. Nc3 O-O 11. Qe2 Qb6 12. Rad1 Qc7 13. Ne5 Na5 14. Rd3 b4 15.
Nd1 Ne4 16. Bf4 Bd6 17. Qh5 g6 18. Qh6 f6 19. Nxg6 hxg6 20. Qxg6+ Qg7 21. Qxg7+
Kxg7 22. Bxd6 Nxd6 23. Rg3+ Kh6 24. Ba4 Nac4 25. Re1 Ra7 26. c3 bxc3 27. bxc3 e5
28. dxe5 fxe5 29. Bc2 Bf5 30. Bb3 Rg7 31. Rf3 Rgf7 32. Rg3 Ne4 33. Rd3 Be6 34.
Bxc4 Nxf2 35. Nxf2 dxc4 36. Rd2 Rf5 37. Ng4+ Kh5 38. Nxe5 Bc8 39. Nxc4 Rc5 40.
Rd4 Rf6 41. Re3 Be6 42. Nd2 Rcf5 43. a3 Bd5 44. Rh3+ Kg6 45. Rg3+ Kf7 46. c4 Bc6
47. Rdg4 Rf2 48. Rd4 Ba4 49. c5 Bd1 50. h3 Ba4 51. Nf3 {Black resigns} 1-0

[Event "Team 45 45 League T53"]
[Site "Internet Chess Club"]
[Date "2012.06.26"]
[Round "6"]
[White "bookseller"]
[Black "ilovechess"]
[Result "1-0"]
[WhiteElo "1651"]
[BlackElo "1482"]
[Opening "Two knights defense"]
[ECO "C55"]
[Time "19:30:24"]
[TimeControl "2700+45"]

1. e4 e5 2. Nf3 Nc6 3. Bc4 Nf6 4. O-O Be7 5. Nc3 d6 6. h3 O-O 7. d4 b6 8. Be3
Bb7 9. d5 Nb8 10. a4 Nbd7 11. a5 Qc8 12. a6 Bxd5 13. Nxd5 Nxe4 14. Nxe7+ Kh8 15.
Nxc8 Raxc8 {Black resigns} 1-0

[Event "Team 45 45 League T53"]
[Site "Internet Chess Club"]
[Date "2012.06.22"]
[Round "6"]
[White "browndeer"]
[Black "Zyme"]
[Result "0-1"]
[WhiteElo "1482"]
[BlackElo "1327"]
[Opening "French: advance, Paulsen attack"]
[ECO "C02"]
[Time "19:00:20"]
[TimeControl "2700+45"]

1. e4 e6 2. d4 d5 3. e5 c5 4. c3 Nc6 5. Nf3 Qb6 6. Be2 cxd4 7. cxd4 Nh6 8. O-O
Nf5 9. Kh1 Nfxd4 10. Be3 Bc5 11. Nc3 Nf5 12. Na4 Nxe3 13. Nxb6 Nxd1 14. Nxa8
Nxf2+ 15. Kg1 Nh3+ 16. Kh1 Nf4 17. Bb5 O-O 18. Ba4 a6 19. Nd2 Ng6 20. Nb3 Ba7
21. Rfc1 Ncxe5 22. Nc7 Nd3 23. Rc2 Bb8 24. h3 Bxc7 25. Rxc7 b5 26. Bxb5 axb5 27.
Rd1 Nxb2 28. Rd2 Nc4 29. Rc2 Nge5 30. Kh2 Bd7 31. Nc5 Bc6 32. Nb3 Rd8 33. Nd4
Be8 34. Rc1 Ng6 35. Rb1 Rb8 36. a4 b4 37. Nc2 b3 38. Nd4 Bxa4 39. Rc5 b2 40. Rc7
Nd2 41. Rh1 b1=Q 42. Rxb1 Nxb1 43. Ne2 Kf8 44. Rc1 Ne5 45. Ng3 Nd2 46. Kg1 Ne4
47. Nxe4 dxe4 48. Re1 f5 49. g3 Nf3+ {White resigns} 0-1

[Event "Team 45 45 League T53"]
[Site "Internet Chess Club"]
[Date "2012.06.27"]
[Round "6"]
[White "AlPearson"]
[Black "almond123"]
[Result "0-1"]
[WhiteElo "1231"]
[BlackElo "1461"]
[Opening "Grünfeld: 5.e3"]
[ECO "D94"]
[Time "20:08:40"]
[TimeControl "2700+45"]

1. d4 Nf6 2. c4 g6 3. Nc3 d5 4. Nf3 Bg7 5. e3 Nc6 6. Be2 O-O 7. O-O Bf5 8. a3
dxc4 9. Bxc4 Qd6 10. b4 a6 11. Bb2 b5 12. Bd3 Bxd3 13. Qxd3 e5 14. Ne4 Nxe4 15.
Qxe4 exd4 16. Nxd4 Nxd4 17. Bxd4 Rfe8 18. Qd3 Bxd4 19. Qxd4 Qxd4 20. exd4 Rad8
21. Rac1 Rxd4 22. Rxc7 Rd3 23. h3 Rxa3 24. Rd1 Ra2 25. Rdd7 Re1+ 26. Kh2 Rxf2
27. Kg3 Rff1 28. Kh2 Rc1 29. Ra7 Rc4 30. Rxa6 Rxb4 31. Rb6 Rb2 32. Rbb7 b4 33.
Kg3 Rbb1 34. Kh2 Rb2 35. Kg3 b3 36. Kh2 Rff2 37. Kh1 Rb1+ 38. Kh2 b2 39. Rd8+
Kg7 40. Rbb8 Re1 41. Rg8+ Kh6 42. Rb4 b1=Q 43. Rh4+ Kg5 44. Rg4+ Kf5 45. Ra8 Qb6
46. Rh8 Qc7+ 47. Rg3 Re3 48. Rxh7 Qxg3+ 49. Kg1 Qxg2# {White checkmated} 0-1

[Event "Team 45 45 League T53"]
[Site "Internet Chess Club"]
[Date "2012.06.25"]
[Round "6"]
[White "sdcohle"]
[Black "moomaster"]
[Result "0-1"]
[WhiteElo "1397"]
[BlackElo "1682"]
[Opening "Queen's pawn"]
[ECO "A40"]
[Time "22:02:07"]
[TimeControl "2700+45"]

1. d4 e6 2. Nc3 d5 3. Nf3 Nf6 4. Bg5 Bb4 5. e3 O-O 6. Qd2 h6 7. Bxf6 Qxf6 8. Bd3
Nc6 9. a3 Bd6 10. Nb5 e5 11. Nxd6 cxd6 12. dxe5 dxe5 13. e4 d4 14. O-O Bh3 15.
gxh3 Qxf3 16. Be2 Qxe4 17. Bd3 Qf3 18. Rae1 f5 19. Be2 Qxh3 20. Kh1 Kh8 21. Rg1
Qh4 22. Rg3 f4 23. Rg4 Qxf2 24. Reg1 Rf7 25. Qd3 f3 26. Bd1 Raf8 27. Re4 Rf5 28.
Reg4 Rh5 29. R1g2 fxg2+ 30. Rxg2 Qf1+ 31. Rg1 Qxd3 32. cxd3 Rh3 33. Be2 Re3 34.
Rg2 e4 35. dxe4 Rxe4 36. Bc4 Ne5 37. Bd5 Re1+ 38. Rg1 Rxg1+ 39. Kxg1 d3 40. Bb3
Ng4 41. Bd1 Ne3 42. Bb3 d2 43. Bd1 Rf1# {White checkmated} 0-1

[Event "Team 45 45 League T53"]
[Site "Internet Chess Club"]
[Date "2012.06.23"]
[Round "6"]
[White "houseofcook"]
[Black "smsxman"]
[Result "1/2-1/2"]
[WhiteElo "1490"]
[BlackElo "1444"]
[Opening "KP: Nimzovich defense"]
[ECO "B00"]
[Time "10:59:56"]
[TimeControl "2700+45"]

1. e4 Nc6 2. Nf3 Nf6 3. e5 Nd5 4. Nc3 e6 5. Bc4 Nce7 6. O-O a6 7. d4 b5 8. Bd3
g6 9. Re1 Bg7 10. Bg5 d6 11. Nxd5 exd5 12. Bf6 O-O 13. Qd2 Bxf6 14. exf6 Nf5 15.
g4 Nxd4 16. Nxd4 Qxf6 17. Be2 c5 18. g5 Qxd4 19. Qxd4 cxd4 20. Rad1 Bb7 21. Rxd4
f6 22. Bf3 fxg5 23. Bxd5+ Bxd5 24. Rxd5 Rfd8 25. Red1 Kg7 26. Rxg5 Rac8 27. Rd2
Rc6 28. Rgd5 Kf6 29. Re2 Rd7 30. c3 Rc5 31. Rd4 g5 32. a3 h6 33. h3 d5 34. Kg2
Rd6 35. Rd3 Rc4 36. Rf3+ Rf4 37. Rfe3 d4 38. cxd4 Rfxd4 39. Rf3+ Kg6 40. Rfe3
Kf6 41. Rf3+ Kg6 42. Rfe3 Kf6 {Game drawn by repetition} 1/2-1/2

[Event "Team 45 45 League T53"]
[Site "Internet Chess Club"]
[Date "2012.06.24"]
[Round "6"]
[White "chicopee-ed"]
[Black "MateIn42"]
[Result "0-1"]
[WhiteElo "1324"]
[BlackElo "1379"]
[Opening "Queen's Indian: 4.Nc3"]
[ECO "E12"]
[Time "09:02:56"]
[TimeControl "2700+45"]

1. d4 Nf6 2. Nf3 b6 3. c4 e6 4. Nc3 Bb7 5. Bg5 Be7 6. e3 O-O 7. Be2 c5 8. d5
Nxd5 9. Bxe7 Nxc3 10. Bxd8 Nxd1 11. Bc7 Nxb2 12. Bd6 Rd8 13. O-O Ba6 14. Rfc1
Na4 15. Ne5 Nc6 16. Nf3 Rac8 17. Nd2 Na5 18. Rab1 Nb7 19. Ne4 Nxd6 20. Nxd6 Rc6
21. Nb5 Bxb5 22. cxb5 Rd6 23. Rc4 Rd2 24. Rxa4 Rxe2 25. Rxa7 d5 26. Kf1 Rc2 27.
Ra6 d4 28. Rxb6 Rxa2 29. Rc6 d3 30. Rd1 Rc2 31. b6 Rb2 32. Ke1 c4 33. Rxc4 Rxb6
34. Rc3 Rbd6 35. Kd2 f5 36. f3 e5 37. Rdc1 e4 38. fxe4 fxe4 39. Rc4 Re8 40. Ra1
Rf6 {White resigns} 0-1

[Event "Team 45 45 League T53"]
[Site "Internet Chess Club"]
[Date "2012.06.22"]
[Round "6"]
[White "mattphelps"]
[Black "Just-Jim"]
[Result "0-1"]
[WhiteElo "1394"]
[BlackElo "1360"]
[Opening "King's pawn game"]
[ECO "C50"]
[Time "19:30:07"]
[TimeControl "2700+45"]

1. e4 e5 2. Nf3 Nc6 3. Bc4 h6 4. d4 exd4 5. Nxd4 Nxd4 6. Qxd4 Qf6 7. Qxf6 Nxf6
8. e5 Ng4 9. Bf4 Bc5 10. f3 Ne3 11. Bxe3 Bxe3 12. Ke2 Bd4 13. Nc3 Bxe5 14. Rae1
O-O 15. Kd2 Bxc3+ 16. Kxc3 d6 17. Re7 c6 18. Rhe1 d5 19. Bb3 Rb8 20. Kd2 Be6 21.
c3 Rfe8 22. Rc7 Kf8 23. Bc2 Re7 24. Rxe7 Kxe7 25. f4 Kf8 26. f5 Bd7 27. b4 Re8
28. Rxe8+ Kxe8 29. Ke3 f6 30. Kd4 Ke7 31. g4 Kd6 32. a4 b6 33. c4 dxc4 34. Kxc4
b5+ 35. axb5 cxb5+ 36. Kd4 Bc6 37. Be4 Bxe4 38. Kxe4 Kc6 39. Kd4 Kb6 40. Kd5 a5
41. bxa5+ Kxa5 42. Ke6 b4 43. Kf7 b3 44. Kxg7 b2 45. Kxf6 b1=Q 46. Kg7 Qc1 47.
f6 Qg5+ 48. Kf7 Qxg4 49. Ke7 Qb4+ 50. Kf7 Qb8 51. Kg7 Qxh2 52. f7 Qf2 {White
resigns} 0-1

[Event "Team 45 45 League T53"]
[Site "Internet Chess Club"]
[Date "2012.06.22"]
[Round "6"]
[White "crazyhorses"]
[Black "slowdown"]
[Result "1-0"]
[WhiteElo "1504"]
[BlackElo "1565"]
[Opening "Sicilian defense"]
[ECO "B40"]
[Time "15:00:27"]
[TimeControl "2700+45"]

1. e4 c5 2. Nf3 e6 3. d3 Nc6 4. Nbd2 d5 5. g3 Nf6 6. Bg2 dxe4 7. dxe4 e5 8. O-O
Be7 9. Re1 O-O 10. c3 Qc7 11. Qc2 Be6 12. Nf1 Rfd8 13. Ne3 b5 14. Ng5 Bc8 15.
Nd5 Nxd5 16. exd5 Bxg5 17. Bxg5 f6 18. Be3 {Black resigns} 1-0

[Event "Team 45 45 League T53"]
[Site "Internet Chess Club"]
[Date "2012.06.23"]
[Round "6"]
[White "ticopatzer"]
[Black "Rhel"]
[Result "0-1"]
[WhiteElo "1655"]
[BlackElo "1649"]
[Opening "Sicilian: Richter-Rauzer, Rauzer attack, 7...a6 defense, 8...Bd7"]
[ECO "B67"]
[Time "09:30:47"]
[TimeControl "2700+45"]

1. e4 c5 2. Nf3 d6 3. d4 cxd4 4. Nxd4 Nf6 5. Nc3 Nc6 6. Bg5 e6 7. Qd2 a6 8.
O-O-O Bd7 9. f4 h6 10. Bh4 Be7 11. Nf3 Qc7 12. g4 d5 13. exd5 Nxd5 14. Nxd5 exd5
15. Bxe7 Nxe7 16. h3 O-O 17. g5 hxg5 18. fxg5 Bf5 19. Nd4 Be4 20. Bg2 Nc6 21.
Bxe4 dxe4 22. Nf5 Rad8 23. Qf2 Rxd1+ 24. Rxd1 Nb4 25. a3 Nd3+ 26. Rxd3 exd3 27.
c3 Re8 28. Nd4 Qe5 29. Qd2 Qe1+ 30. Qxe1 Rxe1+ 31. Kd2 Rh1 32. Kxd3 Rxh3+ 33.
Ke4 Rh2 34. b3 Rf2 35. a4 Kh7 36. b4 Kg6 37. Nf3 b6 38. c4 Ra2 39. c5 bxc5 40.
bxc5 Rxa4+ 41. Kd5 Ra3 42. Ne5+ Kf5 43. c6 Ra5+ 44. Kd6 Rxe5 45. c7 Re8 46. Kd7
Ra8 47. c8=Q Rxc8 48. Kxc8 a5 {White resigns} 0-1

[Event "Team 45 45 League T53"]
[Site "Internet Chess Club"]
[Date "2012.06.23"]
[Round "6"]
[White "Whalen"]
[Black "MinnArkie"]
[Result "1-0"]
[WhiteElo "1648"]
[BlackElo "1566"]
[Opening "Budapest defense declined"]
[ECO "A51"]
[Time "13:00:39"]
[TimeControl "2700+45"]

1. d4 Nf6 2. c4 e5 3. d5 Bc5 4. Nc3 d6 5. Nf3 Bf5 6. h3 c6 7. a3 cxd5 8. cxd5
Nbd7 9. b4 Bxf2+ 10. Kxf2 e4 11. Nd4 e3+ 12. Bxe3 Ne4+ 13. Nxe4 Bxe4 14. Nf3 O-O
15. Qd4 Nf6 16. Bg5 Qb6 17. Bxf6 gxf6 18. e3 Qxd4 19. Nxd4 Bxd5 20. Rd1 Be6 21.
Nxe6 fxe6 22. Rxd6 Rfe8 23. Bc4 Kf7 24. Rd7+ Re7 25. Rhd1 Re8 26. R1d4 Rxd7 27.
Rxd7+ Re7 28. Rd6 b6 29. g4 h6 30. Kf3 h5 31. gxh5 f5 32. Kf4 Kf6 33. e4 fxe4
34. Kxe4 Kg5 35. Rxe6 Rh7 36. Re5+ Kh4 37. Be6 Rg7 38. Bg4 Rc7 39. h6 Rc4+ 40.
Kf5 Rf4+ 41. Kg6 Rd4 42. h7 Rd6+ 43. Kg7 Rd7+ 44. Bxd7 {Black resigns} 1-0

[Event "Team 45 45 League T53"]
[Site "Internet Chess Club"]
[Date "2012.06.24"]
[Round "6"]
[White "realchess"]
[Black "KnightDwarf"]
[Result "0-1"]
[WhiteElo "1544"]
[BlackElo "1560"]
[Opening "Sicilian: Smith-Morra gambit"]
[ECO "B21"]
[Time "20:00:06"]
[TimeControl "2700+45"]

1. e4 c5 2. d4 cxd4 3. c3 dxc3 4. Nxc3 e6 5. Nf3 Ne7 6. Bc4 Ng6 7. O-O Be7 8. e5
Nc6 9. Re1 O-O 10. Nb5 a6 11. Nd6 Qc7 12. Bd3 Bxd6 13. Bxg6 Nxe5 14. Bxh7+ Kxh7
15. Ng5+ Kg6 16. Qe2 f5 17. Be3 f4 18. Rac1 Qb8 19. Bd4 Kxg5 20. h4+ Kf6 21. Qg4
Kf7 22. Qxf4+ Ke8 23. Qg5 g6 24. Bxe5 Bxe5 25. Rxe5 d5 26. Qxg6+ Ke7 27. Qg7+
Rf7 28. Qg5+ Kd7 29. Rce1 Kc6 30. Qc1+ Kb6 31. Qe3+ Kc6 32. Rc1+ Kd7 33. Rxe6
Qa7 34. Qe5 Qxf2+ 35. Kh1 Qxh4+ 36. Kg1 Qf2+ 37. Kh1 Rh7+ {White resigns} 0-1

[Event "Team 45 45 League T53"]
[Site "Internet Chess Club"]
[Date "2012.06.24"]
[Round "6"]
[White "ScotchYeti"]
[Black "Timotheous"]
[Result "1/2-1/2"]
[WhiteElo "1637"]
[BlackElo "1799"]
[Opening "Réti opening"]
[ECO "A04"]
[Time "15:43:35"]
[TimeControl "2700+45"]

1. Nf3 c5 2. g3 Nc6 3. Bg2 g6 4. O-O Bg7 5. d3 b6 6. e4 Bb7 7. c3 d6 8. Qe2 Nf6
9. Re1 Nd7 10. Nbd2 O-O 11. Nf1 b5 12. Ne3 b4 13. Qc2 a5 14. Bd2 Rb8 15. Nc4 Ba6
16. Ne3 bxc3 17. Bxc3 Nb4 18. Bxb4 axb4 19. Rad1 Ne5 20. b3 Ra8 21. Nc4 Nxc4 22.
dxc4 Bb7 23. e5 Bxf3 24. Bxf3 Ra6 25. exd6 Rxd6 26. Rxd6 Qxd6 27. Qe4 e6 28. Rd1
Bd4 29. Kg2 e5 30. Qd3 f5 31. Bd5+ Kg7 32. Rd2 Rd8 33. h4 h5 34. Re2 Re8 35. Qd2
Re7 36. Qg5 Qf6 37. Qxf6+ Kxf6 38. f3 Rh7 39. f4 e4 40. Kf1 Ra7 {Game drawn by
mutual agreement} 1/2-1/2